 Dungeon Crawl Stone Soup version 0.22.1-6-g1668fe2 (webtiles) character file.

39 Yuikono the Changer (level 3, 0/27 HPs)
             Began as a Merfolk Transmuter on Jan 21, 2019.
             Slain by a jackal (2 damage)
             ... on level 2 of the Dungeon.
             The game lasted 00:03:26 (2003 turns).

Yuikono the Changer (Merfolk Transmuter)            Turns: 2003, Time: 00:03:27

Health: 0/27       AC:  2    Str: 11    XL:     3   Next: 45%
Magic:  2/6        EV: 13    Int: 12    God:
Gold:   63         SH:  0    Dex: 14    Spells: 4/7 levels left

rFire    . . .     SeeInvis .   f - +0 dagger
rCold    . . .     Gourm    .   (no shield)
rNeg     . . .     Faith    .   b - +0 robe
rPois    .         Spirit   .   (no helmet)
rElec    .         Reflect  .   (no cloak)
rCorr    .         Harm     .   (no gloves)
MR       .....                  (no boots)
Stlth    +.........             (no amulet)
HPRegen  0.09/turn              (no ring)
MPRegen  0.10/turn              (no ring)

@: appendage
A: change form in water, swift swim, stealthy swim, horns 2
a: End Transformation


You were on level 2 of the Dungeon.
You were hungry.
You had grown temporary horns.
You visited 1 branch of the dungeon, and saw 2 of its levels.

You collected 63 gold pieces.

Inventory:

Hand Weapons
 f - a +0 dagger (weapon)
Missiles
 a - 10 arrows
 c - 37 stones (quivered)
Armour
 b - a +0 robe (worn)
Jewellery
 k - an uncursed ring of stealth {unknown}
Scrolls
 e - a scroll of fear {unknown}
 h - 3 scrolls of remove curse {unknown}
 i - a scroll of immolation {unknown}
 j - a scroll of magic mapping {unknown}
Potions
 g - a potion of curing {unknown}
Comestibles
 d - 2 rations


   Skills:
 + Level 2.2 Fighting
 - Level 2.6 Dodging
 - Level 3.2 Unarmed Combat
 + Level 2.5 Spellcasting
 + Level 3.6 Transmutations


You had 4 spell levels left.
You knew the following spells:

 Your Spells              Type           Power        Failure   Level  Hunger
a - Beastly Appendage     Tmut           ##....       6%          1    #......
b - Sticks to Snakes      Tmut           ##......     9%          2    ###....

Your spell library contained the following spells:

 Spells                   Type           Power        Failure   Level  Hunger
 Spider Form              Tmut/Pois      #.........   36%         3    ###....
 Ice Form                 Ice/Tmut       #.......     77%         4    #####..
 Blade Hands              Tmut           ##........   85%         5    ######.


Dungeon Overview and Level Annotations

Branches:
Dungeon (2/15)

Altars:
Gozag


Innate Abilities, Weirdness & Mutations

You revert to your normal form in water.
You are very nimble and swift while swimming.
You are very stealthy in the water. (Stealth+)
You have a pair of horns on your head.


Message History

Your ball python completely misses the jackal.
The jackal barely misses your ball python.
Your ball python misses the jackal.
Your ball python completely misses the jackal.
Casting: Sticks to Snakes (safe; 9% risk of failure)
Confirm with . or Enter, or press ? or * to list all spells.
You grow a pair of large bovine horns.
The jackal bites your ball python.
Your ball python dies!
You closely miss the jackal. The jackal closely misses you.
You hit the jackal.
You headbutt the jackal, but do no damage.
The jackal is lightly wounded.
The jackal bites you but does no damage.
You hit the jackal but do no damage. Your headbutt misses the jackal.
The jackal is lightly wounded.
The jackal bites you.
* * * LOW HITPOINT WARNING * * *
A rat comes into view.
The jackal bites you.
You die...

#.........##...#
#.........######
#####......# #.###..# #
### #.###..####### ...
.. #.#....)......
#.(.##.####......#######
r......#h.........#
.......@h##......##
.......####......#
#..)##. ####..## #.. #.
###†### . .. #.....# ##
#.#.### #.._. ###.#.
....#


You could see 2 jackals and a rat (sleeping).

Vanquished Creatures
  3 dart slugs
  A giant cockroach (D:1)
  4 goblins (D:1)
  3 hobgoblins (D:1)
  6 jackals
  2 kobolds
  6 bats (D:1)
  A frilled lizard (D:1)
  6 rats (D:1)
32 creatures vanquished.

Notes
Turn   | Place    | Note
-------+----------+-------------------------------------------
     0 | D:1      | Yuikono the Merfolk Transmuter began the quest for the Orb.
     0 | D:1      | Reached XP level 1. HP: 15/15 MP: 3/3
   219 | D:1      | Reached XP level 2. HP: 2/21 MP: 5/5
   515 | D:1      | Learned a level 2 spell: Sticks to Snakes
  1162 | D:1      | Reached XP level 3. HP: 17/27 MP: 6/6
  1969 | D:2      | Found an opulent altar of Gozag.
  2003 | D:2      | Slain by a jackal

Skill      XL: |  1  2 |
---------------+-------+-----
Transmutations | 3 |  3.6
Fighting       | 2 |  2.2
Dodging        | |  2.6
Unarmed Combat | |  3.2
Spellcasting   | |  2.5

Action                   || total
-------------------------++-------
Melee: Unarmed           ||    24
       Headbutt          ||     8
       Dagger            ||   133
 Cast: Beastly Appendage ||     9
       Sticks to Snakes  ||     2
 Stab: Sleeping          ||     2
  Eat: Chunk             ||     3
Armor: Robe              ||    30
Dodge: Dodged            ||   130
